 Dungeon Crawl Stone Soup version 0.19.4-8-ga85b6b9 (console) character file.

19 lanroth the Chopper (level 2, -1/22 HPs)
             Began as a Human Gladiator on Feb 14, 2017.
             Slain by Natasha (5 damage)
             ... on level 1 of the Dungeon.
             The game lasted 00:03:22 (1006 turns).

lanroth the Chopper (Human Gladiator)               Turns: 1006, Time: 00:03:23

Health: -1/22      AC:  4    Str: 15    XL:     2   Next: 95%
Magic:  2/2        EV: 13    Int:  8    God:
Gold:   69         SH:  0    Dex: 13    Spells: 0 memorised, 1 level left

rFire  . . .     SeeInvis .     a - +0 war axe
rCold  . . .     Gourm    .     b - +0 leather armour
rNeg   . . .     Faith    .     (no shield)
rPois  .         Spirit   .     c - +0 helmet
rElec  .         Reflect  .     (no cloak)
rCorr  .         Harm     .     (no gloves)
MR     .....                    (no boots)
Stlth  +.........               (no amulet)
                                (no ring)
                                (no ring)

@: slowed, very slow
A: no striking features
a: no special abilities


You were on level 1 of the Dungeon.
You were not hungry.

You visited 1 branch of the dungeon, and saw 2 of its levels.

You collected 69 gold pieces.

Inventory:

Hand Weapons
 a - a +0 war axe (weapon)
 q - a +0 hand axe
 s - a cursed -1 hunting sling
Missiles
 d - 2 throwing nets (quivered)
 i - 53 stones
 o - 19 poisoned needles
 t - 21 arrows
 u - 20 sling bullets
Armour
 b - a +0 leather armour (worn)
 c - a +0 helmet (worn)
 l - a +0 leather armour
Scrolls
 e - a scroll of remove curse
 j - 2 scrolls of identify {unknown}
 p - a scroll of noise {unknown}
Potions
 g - a potion of degeneration {unknown}
 k - 3 potions of agility {unknown}
 n - a potion of curing {unknown}
 v - a potion of berserk rage {unknown}
Comestibles
 f - 2 bread rations
 h - a royal jelly
 m - a chunk of flesh
 r - a meat ration


   Skills:
 + Level 2.1 Fighting
 + Level 3.3 Axes
 + Level 2.2 Throwing
 + Level 0.2 Armour
 + Level 3.2 Dodging


You had one spell level left.
You didn't know any spells.

Dungeon Overview and Level Annotations

Branches:
Dungeon (2/15)

Altars:

Annotations:
D:1 Natasha


Message History

You barely miss Natasha. Natasha claws you.
You closely miss Natasha. Natasha claws you.
You slash Natasha!
Natasha is almost dead.
Natasha claws you.
Natasha mumbles some strange words.
You hit Natasha.
Natasha is almost dead.
Natasha barely misses you.
You closely miss Natasha.
Natasha is almost dead.
Natasha stares at you and mumbles some strange words.
You feel yourself slow down.
As you read the scroll labeled OSAUSCH ZOQUSH, it crumbles to dust.
You feel blessed for a moment.
It was a scroll of remove curse.
Natasha completely misses you. The shadow imp gestures at you.
Pain shoots through your body!
* * * LOW HITPOINT WARNING * * *
Natasha claws you.
You die...

........#.##.#.#.#......#####.# #.#
..⌠...⌠.#+##.#.#.#.........##.# #.#
...###.......#.#.#.........##.# #######.#
...#<'.......#.#.#.........##.# #.....#.#
...###.......#.#.#..........#.# #.###.#.#
..⌠...⌠......#.#.#..........#.###.# #.#.#
............####.#......###.....#.# #.#.#
.#......................# ###.#.#.# #.#.#
........######...#.##..## #.#.#.# #.#.#
......#.# #.#....#..######.#.#.# #.#.#
......#.# ###.#.#..#.........#.#.###.#.#
....#.#.# #........#.................#.#
....#.#.########.##.#..########.#.#####.#
....#.#....# #.##.#..#......#.#.......#
##'##.#....#####.##.#..#......#.#########
##.#..........................'.#
...#..#....#####.##.#..#......###
##.#..#....#........#..+......#
#....#....#+####.....##......#
#..>.#.........############'##
#....#.........'......# #.#
#....#.........####.#######.####
##....#.##.#.#### #.##.........#
......#.##.#.# #####'##.........#######
...#.........# #......................#
...####.###..# #................#####.#
...# #.# #..# #................# #.# ##.#
#.###..# #................# #.# ##.#
#......# ###############.## #.# ##.#
######.# #.# #.# .#.# #.# #.# #.# .#.#
#.# #.# #.# .#.# #.# #.# #.### .#.# #.#
#.# #...# .#.#########.# #.########5##
.............# #.........h@#
##.########### ############# ...# ##.#
.#.# ##.# #.# #.# #.# #.# #.# ###


You could see Natasha and a shadow imp.

Vanquished Creatures
  2 dart slugs (D:1)
  A leopard gecko (D:1)
  A giant cockroach (D:1)
  A goblin (D:1)
  A hobgoblin (D:1)
  A kobold (D:1)
  3 bats (D:1)
  3 frilled lizards (D:1)
  3 rats (D:1)
16 creatures vanquished.

Notes
Turn   | Place    | Note
-------+----------+-------------------------------------------
     0 | D:1      | lanroth the Human Gladiator began the quest for the Orb.
     0 | D:1      | Reached XP level 1. HP: 16/16 MP: 1/1
   243 | D:1      | Reached XP level 2. HP: 12/22 MP: 2/2
   998 | D:2      | Noticed Natasha
  1006 | D:1      | Slain by Natasha

Action                   || total
-------------------------++-------
Melee: War axe           ||    41
Throw: Throwing net      ||     1
  Use: Scroll            ||     1
 Stab: Sleeping          ||     1
Armor: Leather armour    ||    12
Dodge: Dodged            ||    24
